 Dungeon Crawl Stone Soup version 0.29.1-15-g9cfb28693d (webtiles) character file.

Game seed: 13244637442047523453

137 pokedragonboy the Sneak (level 5, 0/28 HPs)
             Began as a Vampire Enchanter on Mar 10, 2023.
             Slain by an ufetubus (2 damage)
             ... on level 4 of the Dungeon.
             The game lasted 00:09:07 (3360 turns).

pokedragonboy the Sneak (Vampire Enchanter)         Turns: 3360, Time: 00:09:07

Health: 0/28       AC:  2    Str:  7    XL:     5   Next: 0%
Magic:  0/8        EV: 13    Int: 18    God:
Gold:   213        SH:  0    Dex: 16    Spells: 6/8 levels left

rFire   . . .      SeeInvis +   a - +1 dagger
rCold   + + .      Faith    .   (no shield)
rNeg    + + +      Spirit   +   b - +0 robe
rPois   ∞          Reflect  .   (no helmet)
rElec   .          Harm     .   (no cloak)
rCorr   .          Rampage  .   (no gloves)
Will    .....                   (no boots)
Stlth   +++++.....              e - amulet of guardian spirit
HPRegen 0.00/turn               (no ring)
MPRegen 0.11/turn               (no ring)

@: bloodless, inhibited regen, hasted, very quick
A: bloodless, fangs 3, see invisible, vampiric 2
a: Bat Form, Revivify


You were on level 4 of the Dungeon.
You visited 1 branch of the dungeon, and saw 4 of its levels.

You collected 213 gold pieces.

Inventory:

Hand Weapons
 a - a +1 dagger (weapon)
Armour
 b - a +0 robe (worn)
 t - a +0 scale mail
Magical Staves
 q - a staff of death
Jewellery
 e - an amulet of guardian spirit (around neck)
 g - an amulet of magic regeneration
Wands
 d - a wand of polymorph (7)
Scrolls
 j - 2 scrolls of enchant weapon
 l - 3 scrolls of immolation
 r - a scroll of teleportation {unknown}
Potions
 c - 2 potions of invisibility
 k - a potion of mutation
 m - 2 potions of attraction
 n - 2 potions of lignification {unknown}
 o - a potion of heal wounds {unknown}
 p - 2 potions of brilliance
 s - 2 potions of flight
 u - 2 potions of curing {unknown}
 v - a potion of magic {unknown}


   Skills:
 * Level 3.3 Short Blades
 + Level 3.2 Dodging
 * Level 6.5 Stealth
 - Level 2.0 Spellcasting
 - Level 4.4 Hexes


You had 6 spell levels left.
You knew the following spells:

 Your Spells              Type           Power      Damage    Failure   Level
a - Ensorcelled Hibernat  Hex/Ice        18%        N/A       11%         2

Your spell library contained the following spells:

 Spells                   Type           Power      Damage    Failure   Level
 Confusing Touch          Hex            17%        N/A       9%          3
 Tukima's Dance           Hex            17%        N/A       9%          3
 Dazzling Flash           Conj/Hex       18%        N/A       22%         3
 Blink                    Tloc           2%         N/A       26%         2
 Poisonous Vapours        Pois/Air       2%         N/A       26%         2
 Lesser Beckoning         Tloc           1%         N/A       47%         3
 Corpse Rot               Necr/Pois/Air  1%         N/A       87%         4
 Manifold Assault         Tloc           1%         N/A       99%         5


Dungeon Overview and Level Annotations

Branches:
Dungeon (4/15)
 Temple: D:4-7

Altars:
Dithmenos
Fedhas
Qazlal
Uskayaw

Shops:
D:4 [


Innate Abilities, Weirdness & Mutations

You do not regenerate when monsters are visible.
You are frail without blood (-20% HP).
You can heal yourself when you bite living creatures.
You are immune to poison.
You have razor-sharp teeth.
You have supernaturally acute eyesight. (SInv)
You are afflicted with vampirism and can become a bat while bloodless.


Message History

The ball python bites you. The ball python closely misses you.
The ufetubus barely misses you. The ufetubus closely misses you.
You closely miss the ball python. The ball python bites you.
The ball python grabs you. The ball python constricts you.
The ufetubus closely misses you. The ufetubus barely misses you.
You closely miss the ufetubus. The ufetubus barely misses you. x2
The ball python bites you. The ball python constricts you.
You barely miss the ufetubus. You bite the ufetubus.
The ufetubus is lightly wounded.
The ufetubus hits you but does no damage.
The ufetubus hits you.
The ball python bites you but does no damage.
The ball python constricts you.
You miss the ufetubus.
The ufetubus is lightly wounded.
The ufetubus hits you but does no damage.
The ufetubus barely misses you.
The ball python bites you but does no damage.
The ball python constricts you. The ufetubus barely misses you.
The ufetubus closely misses you.
You escape the ball python's grasp.
The ufetubus closely misses you. x2
The ufetubus hits you. The ufetubus closely misses you.
You hear the hiss of a very distant avalanche of sand.
The ufetubus misses you. The ufetubus hits you.
* * * LOW HITPOINT WARNING * * *
The ufetubus attacks as you move away! The ufetubus hits you.
* * * LOW HITPOINT WARNING * * *
The ufetubus closely misses you. The ufetubus barely misses you.
The ufetubus misses you. The ufetubus attacks as you move away!
The ufetubus hits you.
* * * LOW HITPOINT WARNING * * *
The ufetubus closely misses you. x2
The ufetubus hits you but does no damage.
You feel yourself speed up.
The ufetubus hits you but does no damage.
The ufetubus hits you.
* * * LOW HITPOINT WARNING * * *
The ufetubus attacks as you move away! The ufetubus hits you.
You die...

.##.####.####.....#
....# #..........#
.#### ######g....#
.# #.....# .#
###.####### ..
####### #.S.....#
.# #.....#
#)......# #.....#
##5#....# #.....#
#@...#.# #.....#
#..###.# #.....#
#..###.# ###.###
#......# #.#
##.#####
#.#######...#
#.......#'#.#
####..#.'∩+.#
###..###'###


You could see an ufetubus and a ball python.

Vanquished Creatures
  An orc priest (D:3)
  Ijyb (D:4)
  An adder (D:4)
  A worm (D:3)
  3 orcs (D:3)
  3 ball pythons (D:1)
  6 endoplasms
  A giant cockroach (D:2)
  5 goblins
  6 hobgoblins
  12 jackals
  3 quokkas
  2 bats (D:1)
  6 frilled lizards
  5 kobolds
  6 rats
62 creatures vanquished.

Vanquished Creatures (others)
  15 plants (D:1)
15 creatures vanquished.

Grand Total: 77 creatures vanquished

Notes
Turn   | Place    | Note
-------+----------+-------------------------------------------
     0 | D:1      | pokedragonboy the Vampire Enchanter began the quest for the
                  | Orb.
     0 | D:1      | Reached XP level 1. HP: 13/13 MP: 3/3
   304 | D:1      | Reached XP level 2. HP: 19/19 MP: 5/5
   313 | D:1      | Learned a level 2 spell: Ensorcelled Hibernation
   368 | D:2      | Reached skill level 5 in Stealth
   649 | D:1      | Gained mutation: You are afflicted with vampirism and can
                  | become a bat while bloodless. [Vampire growth]
   649 | D:1      | Reached XP level 3. HP: 24/24 MP: 2/6
  1522 | D:2      | Found a faded altar of an unknown god.
  1884 | D:2      | Found a stormy altar of Qazlal.
  2550 | D:3      | Found a shadowy altar of Dithmenos.
  2608 | D:3      | Reached skill level 6 in Stealth
  2608 | D:3      | Reached XP level 4. HP: 11/24 MP: 0/7
  2797 | D:3      | Found a blossoming altar of Fedhas.
  2806 | D:3      | Found a hide-covered altar of Uskayaw.
  3006 | D:3      | Noticed a necrophage
  3258 | D:4      | Found Elieb's Armour Emporium.
  3291 | D:4      | Noticed Ijyb
  3298 | D:4      | Killed Ijyb
  3299 | D:4      | Reached XP level 5. HP: 28/28 MP: 8/8
  3360 | D:4      | Slain by an ufetubus

Illustrated notes

Levels and vault maps discovered:
D:1:      onia_arrival_mini_maze, layout_basic, serial_bayou_lagoon_a,
          minmay_stone_trees_small
D:2:      layout_loops_ring, basic_altar, hellmonk_ecumenical_altar_blasted
D:3:      layout_rooms, nicolae_uskayaw_dance_hall, mainiacjoe_overflow_catwalk,
          nicolae_dithmenos_shadow_blocks, supply_closet_lemuel
D:4:      layout_loops_cross, serial_shops, nicolae_shop_behind_doors,
          gup_ossuary_entry_pyramid, uniq_ijyb, uniq_natasha

Skill      XL: |  1  2  3  4 |
---------------+-------------+-----
Stealth        | 5 6 |  6.5
Short Blades   | 2 3 |  3.3
Dodging        | 3 |  3.2
Spellcasting   | |  2.0
Hexes          | |  4.4

Action                   |  1- 3 |  4- 6 || total
-------------------------+-------+-------++-------
Melee: Dagger            |   171 |    35 ||   206
       Bite              |    13 |     4 ||    17
 Cast: Ensorcelled Hiber |     5 |     3 ||     8
 Abil: Exsanguinate      |     1 |       ||     1
  Use: Scroll            |     5 |     3 ||     8
       Potion            |     1 |     1 ||     2
 Stab: Sleeping          |    11 |     6 ||    17
       Invisible         |     2 |       ||     2
Armor: Robe              |    25 |    12 ||    37
Dodge: Dodged            |   109 |    48 ||   157
